[Event "41st Amateur D7"]
[Site "ChessGUI4"]
[Date "2013.07.07"]
[Round "19.1"]
[White "Waxman 2011"]
[Black "Carballo 0.8"]
[Result "1-0"]
[BlackElo "2273"]
[ECO "B20"]
[EventDate "2013.??.??"]
[TimeControl "40/1500:40/1500:40/1500"]
[WhiteElo "2256"]

{ i5 Quad } 1.e4 c5 2.Ne2 Nf6 3.Nbc3 e6 4.g3 Nc6 5.Bg2 Be7 6.O-O d6 7.d3 a6 8.a3 Qc7 9.Be3 O-O { [%eval -4,14] [%emt 0:00:37] (O-O) } 10.h3
{ [%eval 10,12] [%emt 0:00:41] (h4) } 10...b5
{ [%eval -9,13] [%emt 0:00: 36] (b6) } 11.Nf4
{ [%eval 2,12] [%emt 0:01:03] (Rb1) } 11...Bb7
{ [%eval 15,12] [%emt 0:00:35] (Nd7) } 12.Nb1
{ [%eval 2,12] [%emt 0:00:48] (Qd2) } 12...Rad8
{ [%eval 41,11] [%emt 0:00:34] (Nd7) } 13.Nc3
{ [%eval -16,12] [%emt 0:00:58] (Nc3) } 13...Nd4
{ [%eval 32,12] [%emt 0:00:33] (Nd7) } 14.Nfe2
{ [%eval -17,12] [%emt 0:01:07] (Nfe2) } 14...d5
{ [%eval 36,13] [%emt 0:00:32] (Qb6) } 15.exd5
{ [%eval -18,12] [%emt 0:00:43] (exd5) } 15...e5
{ [%eval 27,13] [%emt 0:00:32] (Nxe2) } 16.Bd2
{ [%eval -11, 12] [%emt 0:00:57] (f4) } 16...Rfe8
{ [%eval 20,13] [%emt 0:00:31] (Nxd5) } 17.Re1
{ [%eval 2,12] [%emt 0:00:48] (f4) } 17...Nxd5
{ [%eval 15,13] [%emt 0:00:30] (Qd7) } 18.Nxd5
{ [%eval 1,13] [%emt 0:00:54] (Nxd4) } 18...Bxd5
{ [%eval 7,14] [%emt 0:00:29] (Bxd5) } 19.Nxd4
{ [%eval -2,12] [%emt 0:00:49] (Bxd5) } 19...cxd4
{ [%eval 7,14] [%emt 0:00:28] (cxd4) } 20.Bxd5
{ [%eval -1,13] [%emt 0:00:44] (Bxd5) } 20...Rxd5
{ [%eval 3,14] [%emt 0:00:28] (Rxd5) } 21.Bb4
{ [%eval -18,12] [%emt 0:00:32] (f4) } 21...Bf6
{ [%eval 42,12] [%emt 0:00:27] (Bxb4) } 22.Qf3
{ [%eval -10,12] [%emt 0:00: 32] (Rc1) } 22...Rdd8
{ [%eval 29,14] [%emt 0:00:26] (Rdd8) } 23.Re2
{ [%eval -10,13] [%emt 0:00:49] (Re2) } 23...Rc8
{ [%eval 29,14] [%emt 0:00:26] (Rc8) } 24.Rc1
{ [%eval -19,12] [%emt 0:00:32] (h4) } 24...Re6
{ [%eval 31,13] [%emt 0:00:25] (Re6) } 25.Qf5
{ [%eval -20,12] [%emt 0:00:54] (Bd2) } 25...g6
{ [%eval 49,13] [%emt 0:00:24] (h6) } 26.Qe4
{ [%eval -16,12] [%emt 0:00:39] (Qe4) } 26...h5
{ [%eval 43,12] [%emt 0: 00:24] (Qd8) } 27.Bd2
{ [%eval -17,12] [%emt 0:00:44] (Bd2) } 27...Qd7
{ [%eval 49,13] [%emt 0:00:23] (Qd7) } 28.g4
{ [%eval -14,12] [%emt 0:00:40] (h4) } 28...Bg7
{ [%eval 56,12] [%emt 0:00:23] (hxg4) } 29.gxh5
{ [%eval 25,13] [%emt 0:01:03] (Qg2) } 29...gxh5
{ [%eval 42,13] [%emt 0:00:22] (gxh5) } 30.Kh2
{ [%eval 17,12] [%emt 0:00: 38] (Kh2) } 30...Rcc6
{ [%eval 36,11] [%emt 0:00:21] (Qc6) } 31.Qh4
{ [%eval -8,11] [%emt 0:00:29] (Rg1) } 31...Qc7
{ [%eval 53,12] [%emt 0:00:21] (Qc7) } 32.Bg5
{ [%eval -18,12] [%emt 0:00:41] (Qe4) } 32...Rg6
{ [%eval 71,12] [%emt 0:00:20] (Rg6) } 33.Qxh5
{ [%eval -31,12] [%emt 0:00:33] (Qxh5) } 33...Rc5
{ [%eval 52,13] [%emt 0:00: 20] (e4) } 34.Qh4
{ [%eval -17,12] [%emt 0:00:38] (h4) } 34...f6
{ [%eval 98,14] [%emt 0:00:19] (Qc6) } 35.Bd2
{ [%eval 0,14] [%emt 0:00:49] (Bd2) } 35...Rxc2
{ [%eval 85,13] [%emt 0:00:19] (Rxc2) } 36.Qe4
{ [%eval 0,14] [%emt 0:00:49] (Qe4) } 36...Rxc1
{ [%eval 58,15] [%emt 0:00:18] (Rxc1) } 37.Qxg6
{ [%eval 0,12] [%emt 0:00:09] (Qxg6) } 37...Rc2
{ [%eval 86,13] [%emt 0:00:18] (Rc2) } 38.Qe8+
{ [%eval 0,14] [%emt 0:00:32] (Qe8) } 38...Kh7
{ [%eval 41,14] [%emt 0:00:17] (Kh7) } 39.Qh5+
{ [%eval 0,14] [%emt 0:00:19] (f4) } 39...Kg8
{ [%eval 31,16] [%emt 0:00:17] (Kg8) } 40.Qe8+
{ [%eval 0,14] [%emt 0:00:22] (Qe8) } 40...Bf8 41.f4 { [%eval 35,13] [%emt 0:00:34] (f4) }
41...Qe7 { [%eval 7,17] [%emt 0:00:54] (Qe7) } 42.Rg2+
{ [%eval 41,14] [%emt 0:00:37] (Rg2) } 42...Kh8
{ [%eval -15,18] [%emt 0:00:52] (Kh8) } 43.Qh5+
{ [%eval 37,14] [%emt 0:01:04] (Qh5) } 43...Qh7
{ [%eval -37,17] [%emt 0:00:51] (Qh7) } 44.Qf3
{ [%eval 32,14] [%emt 0:00:48] (Qe8) } 44...Bg7
{ [%eval -15, 14] [%emt 0:00:50] (exf4) } 45.fxe5
{ [%eval 43,13] [%emt 0:00:31] (fxe5) } 45...fxe5
{ [%eval -26,16] [%emt 0:00:48] (fxe5) } 46.Qa8+
{ [%eval 33,14] [%emt 0:00:37] (Qf7) } 46...Qg8
{ [%eval 11,17] [%emt 0:00:47] (Qg8) } 47.Qxa6
{ [%eval 27,14] [%emt 0:00:25] (Qxg8) } 47...Rxb2
{ [%eval 14,15] [%emt 0:00:46] (Rxb2) } 48.Qg6
{ [%eval 26, 14] [%emt 0:00:35] (Qg6) } 48...Qf8
{ [%eval 28,18] [%emt 0:00:45] (Qf8) } 49.Qh5+
{ [%eval 26,14] [%emt 0:00:38] (Qh5) } 49...Kg8
{ [%eval 8,17] [%emt 0:00:44] (Kg8) } 50.Qg5
{ [%eval 26,14] [%emt 0:00:40] (Qg5) } 50...Kh7
{ [%eval -71,16] [%emt 0:00:43] (Kh8) } 51.Qh4+
{ [%eval 16,14] [%emt 0:00:52] (Qh5) } 51...Kg8
{ [%eval -90,18] [%emt 0:00:42] (Kg8) } 52.Qg4
{ [%eval 16,14] [%emt 0:00:51] (Qg5) } 52...Qf6
{ [%eval -10, 14] [%emt 0:00:40] (Qf7) } 53.h4
{ [%eval 26,14] [%emt 0:00:35] (h4) } 53...Kh8
{ [%eval -26,14] [%emt 0:00:39] (Kh8) } 54.h5
{ [%eval 15,13] [%emt 0:00:35] (Qh5) } 54...Qf7
{ [%eval 23,13] [%emt 0:00:38] (Qf8) } 55.h6
{ [%eval 44,14] [%emt 0:00:36] (h6) } 55...Bf8
{ [%eval -90,17] [%emt 0:00:37] (Bf8) } 56.Qg5
{ [%eval 3,13] [%emt 0: 01:09] (Qg5) } 56...Qe6
{ [%eval -90,14] [%emt 0:00:37] (Qe6) } 57.h7
{ [%eval 92,14] [%emt 0:00:34] (h7) } 57...Kxh7
{ [%eval -90,17] [%emt 0:00:36] (Kxh7) } 58.Kg1
{ [%eval 80,14] [%emt 0:00:34] (Qh4) } 58...Bh6
{ [%eval -65,17] [%emt 0:00:35] (Bh6) } 59.Rh2
{ [%eval 100,14] [%emt 0:00:30] (Rh2) } 59...Rb1+
{ [%eval -65,19] [%emt 0:00: 34] (Rb1) } 60.Bc1
{ [%eval 100,15] [%emt 0:00:20] (Bc1) } 60...Rxc1+
{ [%eval -75,18] [%emt 0:00:33] (Rxc1) } 61.Qxc1
{ [%eval 100,14] [%emt 0:00:25] (Qxc1) } 61...Qg6+
{ [%eval -66,14] [%emt 0:00:32] (Qg8) } 62.Kh1
{ [%eval 105,13] [%emt 0:00:22] (Kf2) } 62...Qf6
{ [%eval -75,16] [%emt 0:00:31] (Qf6) } 63.Rh3
{ [%eval 120,13] [%emt 0:00:34] (Kg1) } 63...Qe6
{ [%eval -87,15] [%emt 0:00:31] (Qd6) } 64.Qc7+
{ [%eval 135, 14] [%emt 0:00:35] (Qc7) } 64...Kg6
{ [%eval -96,17] [%emt 0:00:30] (Kg6) } 65.Rg3+
{ [%eval 139,14] [%emt 0:00:36] (Rg3) } 65...Kf6
{ [%eval -90,16] [%emt 0:00:29] (Bg5) } 66.Qb7
{ [%eval 117,14] [%emt 0:00:37] (Qd8) } 66...Bg5
{ [%eval -90,16] [%emt 0:00: 28] (Bg5) } 67.Qa8
{ [%eval 135,14] [%emt 0:00:46] (Rf3) } 67...Ke7
{ [%eval -97,15] [%emt 0:00:28] (Ke7) } 68.Qf3
{ [%eval 135,14] [%emt 0:01:13] (Qb7) } 68...Bh6
{ [%eval -90,14] [%emt 0:00:27] (Qf6) } 69.Qb7+
{ [%eval 136,14] [%emt 0:00:54] (Qb7) } 69...Qd7
{ [%eval -108,15] [%emt 0:00:26] (Kf6) } 70.Qe4
{ [%eval 157,14] [%emt 0:00:31] (Qe4) } 70...Qe6
{ [%eval -108,15] [%emt 0:00:25] (Qe6) } 71.Qh7+
{ [%eval 175,14] [%emt 0:00:47] (Qh7) } 71...Kf8
{ [%eval -121,15] [%emt 0:00:25] (Kf8) } 72.Qb7
{ [%eval 176,14] [%emt 0:00:31] (Qb7) } 72...Qd6
{ [%eval -124,13] [%emt 0:00: 24] (Qf6) } 73.Kg2
{ [%eval 198,12] [%emt 0:00:30] (Rf3) } 73...Qf6
{ [%eval -168,13] [%emt 0:00:24] (Qe6) } 74.Qc8+
{ [%eval 246,14] [%emt 0:00:38] (Qd5) } 74...Ke7
{ [%eval -198,15] [%emt 0:00:23] (Ke7) } 75.Rg8
{ [%eval 246,14] [%emt 0:01:26] (Qc7) } 75...Bf8
{ [%eval -318,15] [%emt 0:00:22] (Bf8) } 76.Qc5+
{ [%eval 248,14] [%emt 0:00:28] (Qc5) } 76...Ke8
{ [%eval -419,15] [%emt 0:00:22] (Ke8) } 77.Qxb5+
{ [%eval 267,15] [%emt 0:00:35] (Qxb5) } 77...Kf7
{ [%eval -505,14] [%emt 0:00:21] (Kf7) } 78.Qd5+
{ [%eval 457,14] [%emt 0:00:57] (Qd5) } 78...Ke7
{ [%eval -615,14] [%emt 0: 00:21] (Ke8) } 79.a4
{ [%eval 482,14] [%emt 0:00:19] (Qb7) } 79...Qh6
{ [%eval -630,13] [%emt 0:00:20] (e4) } 80.Qb7+
{ [%eval 486,13] [%emt 0:00:13] (Qxe5) } 80...Kd6
{ [%eval -531,14] [%emt 0:00:20] (Ke6) } 81.Qb4+
{ [%eval 621,13] [%emt 0:00:55] (Qb8) } 81...Ke6
{ [%eval -572,15] [%emt 0:00:57] (Ke6) } 82.Qxf8
{ [%eval 785,16] [%emt 0:01:50] (Qxf8) } 1-0

[Event "41st Amateur D7"]
[Site "ChessGUI4"]
[Date "2013.07.08"]
[Round "19.2"]
[White "Gibbon 2.57a 64-bit"]
[Black "ProChess 1.02AD"]
[Result "1-0"]
[BlackElo "2244"]
[ECO "C85"]
[EventDate "2013.??.??"]
[TimeControl "40/1500:40/1500:40/1500"]
[WhiteElo "2251"]

{ i5 Quad } 1.e4 e5 2.Nf3 Nc6 3.Bb5 a6 4.Ba4 Nf6 5.O-O Be7 6.Bxc6 dxc6 7.Qe2 c5 8.d3 Nd7 9.Re1 O-O
{ [%eval -11,13] [%emt 0:01:04] (O-O) } 10.Nbd2
{ [%eval 31,14] [%emt 0:00:49] (Nc3) } 10...Bf6
{ [%eval -5,13] [%emt 0:01:08] (Bd6) } 11.Nc4
{ [%eval 20,14] [%emt 0:00:57] (Nc4) } 11...Re8
{ [%eval -8,12] [%emt 0:00:56] (Qe7) } 12.Be3
{ [%eval 21,13] [%emt 0:00: 31] (Bd2) } 12...Qe7
{ [%eval -4,12] [%emt 0:01:59] (Qe7) } 13.Nfd2
{ [%eval 18,13] [%emt 0:00:22] (h3) } 13...Nf8
{ [%eval 10,12] [%emt 0:00:37] (Nb6) } 14.Kh1
{ [%eval 12,12] [%emt 0:00:35] (Nf3) } 14...Ne6
{ [%eval 25,12] [%emt 0:00:30] (Ne6) } 15.Rac1
{ [%eval 9,13] [%emt 0:00:32] (Nb3) } 15...Nd4
{ [%eval 28,13] [%emt 0:01:25] (Rd8) } 16.Qh5
{ [%eval 9,13] [%emt 0:01:08] (Qd1) } 16...Be6
{ [%eval 32,12] [%emt 0:01:20] (b5) } 17.c3
{ [%eval -2,13] [%emt 0:00:56] (c3) } 17...Rad8
{ [%eval 29,11] [%emt 0: 00:51] (g6) } 18.cxd4
{ [%eval 10,12] [%emt 0:00:13] (Na5) } 18...cxd4
{ [%eval 37,12] [%emt 0:00:49] (cxd4) } 19.Bh6
{ [%eval 18,13] [%emt 0:00:14] (Qe2) } 19...gxh6
{ [%eval 75,12] [%emt 0:00:31] (gxh6) } 20.Nxe5
{ [%eval 18,13] [%emt 0:00:41] (Nxe5) } 20...Bg5
{ [%eval 28,11] [%emt 0:00:48] (Bxa2) } 21.Nef3
{ [%eval 39,13] [%emt 0:00:22] (Nef3) } 21...Bf4
{ [%eval 20,11] [%emt 0:00:24] (c6) } 22.g3
{ [%eval 55,12] [%emt 0:00:16] (Ra1) } 22...Bg5
{ [%eval 13,12] [%emt 0:00:24] (Bxd2) } 23.a3
{ [%eval 67,12] [%emt 0:00:18] (Nxg5) } 23...c6
{ [%eval 10,12] [%emt 0:00:39] (f6) } 24.h4
{ [%eval 64,13] [%emt 0:00:20] (Kg2) } 24...Bxd2
{ [%eval 10,13] [%emt 0:00:20] (Bxd2) } 25.Nxd2
{ [%eval 59,13] [%emt 0:00:22] (Nxd2) } 25...Qf8
{ [%eval 6,12] [%emt 0:00:49] (Kg7) } 26.Kh2
{ [%eval 58,12] [%emt 0:00:30] (Kg1) } 26...Qg7
{ [%eval 11,11] [%emt 0:00:21] (Qg7) } 27.Qa5
{ [%eval 45,12] [%emt 0:00:19] (Kg1) } 27...Rf8
{ [%eval 10,11] [%emt 0:00:25] (Qg4) } 28.Qb4
{ [%eval 54,12] [%emt 0:00:21] (Qb6) } 28...f5
{ [%eval 11,11] [%emt 0:00:24] (Qf6) } 29.f3
{ [%eval 57,12] [%emt 0:00:19] (f4) } 29...f4
{ [%eval 30,11] [%emt 0:00:23] (fxe4) } 30.g4
{ [%eval 49,11] [%emt 0: 00:09] (Rg1) } 30...Rf7
{ [%eval 26,10] [%emt 0:00:17] (Kh8) } 31.Rc5
{ [%eval 61,12] [%emt 0:00:15] (e5) } 31...Rc7
{ [%eval 26,10] [%emt 0:00:18] (Qf8) } 32.Kh3
{ [%eval 67,12] [%emt 0:00:11] (Kg2) } 32...Qe7
{ [%eval 27,10] [%emt 0:00:23] (Kh8) } 33.h5
{ [%eval 75,11] [%emt 0:00:16] (Nc4) } 33...Rcd7
{ [%eval 24,10] [%emt 0:00:24] (Kh8) } 34.Nc4
{ [%eval 68,12] [%emt 0:00:19] (e5) } 34...Qf6
{ [%eval 23,10] [%emt 0:00:11] (Kh8) } 35.Nd2
{ [%eval 66,11] [%emt 0:00:12] (Rd1) } 35...Rg7
{ [%eval 26,10] [%emt 0: 00:10] (Rg7) } 36.Nb3
{ [%eval 63,12] [%emt 0:00:15] (Nc4) } 36...Rdd7
{ [%eval 20,10] [%emt 0:00:21] (Kh8) } 37.Rec1
{ [%eval 70,11] [%emt 0:00:15] (Ra5) } 37...Rgf7
{ [%eval 20,11] [%emt 0:00:30] (Rd8) } 38.Ra5
{ [%eval 81,12] [%emt 0:00:14] (Ra5) } 38...Bxb3
{ [%eval 13,12] [%emt 0:00:30] (Rg7) } 39.Qxb3
{ [%eval 110,12] [%emt 0: 00:02] (Qxb3) } 39...Qd8
{ [%eval 11,12] [%emt 0:00:17] (Kg7) } 40.Rf5
{ [%eval 192,15] [%emt 0:00:21] (Qb4) } 40...Kg7
{ [%eval 7,11] [%emt 0:00:08] (Kg7) } 41.Rcc5
{ [%eval 237,16] [%emt 0:01:10] (Rcc5) } 41...Rde7
{ [%eval -67,14] [%emt 0:02:16] (Qe8) } 42.Rce5
{ [%eval 249,16] [%emt 0:00:56] (Qc4) } 42...Qd6
{ [%eval -83,14] [%emt 0: 01:53] (Rxf5) } 43.Rxe7
{ [%eval 293,17] [%emt 0:01:23] (Rxe7) } 43...Rxe7
{ [%eval -87,15] [%emt 0:00:46] (13) } 44.Qc4
{ [%eval 303,14] [%emt 0:00:13] (Qc4) } 44...a5
{ [%eval -90,14] [%emt 0:01:08] (Qd8) } 45.e5
{ [%eval 332,17] [%emt 0:01:42] (e5) } 45...Qd5
{ [%eval -104,15] [%emt 0:01:12] (13) } 46.Qxd5
{ [%eval 401,18] [%emt 0: 01:36] (Qxd5) } 46...cxd5
{ [%eval -160,21] [%emt 0:01:09] (cxd5) } 47.Kh4
{ [%eval 402,18] [%emt 0:00:20] (Rxf4) } 47...Rf7
{ [%eval -145,18] [%emt 0:00:36] (Re8) } 48.e6
{ [%eval 422,21] [%emt 0:00:42] (e6) } 48...Rf6
{ [%eval -155,18] [%emt 0:00:35] (Rf6) } 49.e7
{ [%eval 422,20] [%emt 0:00:27] (Rxd5) } 49...Re6
{ [%eval -176,19] [%emt 0:02:50] (Re6) } 50.Rxf4
{ [%eval 424,20] [%emt 0:00:34] (g5) } 50...Rxe7
{ [%eval -140,19] [%emt 0:00:27] (Rxe7) } 51.Rxd4
{ [%eval 428,19] [%emt 0:00:26] (Rxd4) } 51...Rd7
{ [%eval -135,19] [%emt 0:00:45] (Re2) } 52.Ra4
{ [%eval 411,16] [%emt 0:00:28] (g5) } 52...b6
{ [%eval -135,18] [%emt 0:00:30] (b6) } 53.b4
{ [%eval 356,18] [%emt 0:00:26] (Rf4) } 53...axb4
{ [%eval -133,18] [%emt 0:00:47] (Ra7) } 54.Rxb4
{ [%eval 394,20] [%emt 0:00:44] (Rxb4) } 54...Rd6
{ [%eval -131,17] [%emt 0:01:18] (Rc7) } 55.Kg3
{ [%eval 504,20] [%emt 0:00:37] (Ra4) } 55...Kf6
{ [%eval -150,17] [%emt 0:00:26] (Rc6) } 56.Kf4
{ [%eval 536,20] [%emt 0:00:30] (d4) } 56...Ke6
{ [%eval -198,16] [%emt 0:00:22] (Ke6) } 57.d4
{ [%eval 542,20] [%emt 0:00:38] (Ke3) } 57...Rc6
{ [%eval -230,18] [%emt 0:00:50] (Rc6) } 58.Rb3
{ [%eval 544,20] [%emt 0:00:19] (a4) } 58...Ke7
{ [%eval -240,17] [%emt 0:00:27] (Rd6) } 59.Ke5
{ [%eval 601,21] [%emt 0:01:19] (Rb5) } 59...Re6+
{ [%eval -229,20] [%emt 0:00:33] (Re6) } 60.Kxd5
{ [%eval 610,21] [%emt 0:01:05] (Kxd5) } 60...Rd6+
{ [%eval -230,20] [%emt 0:00:23] (Kd7) } 61.Kc4
{ [%eval 607,20] [%emt 0:00:23] (Ke4) } 61...Rc6+
{ [%eval -230,19] [%emt 0:00:35] (Rc6) } 62.Kb5
{ [%eval 613,20] [%emt 0:00:34] (Kd3) } 62...Kd6
{ [%eval -188,16] [%emt 0:00:25] (Kd6) } 63.Ka6
{ [%eval 622,19] [%emt 0:00: 18] (Re3) } 63...Kd5
{ [%eval -200,17] [%emt 0:00:33] (Kc7) } 64.Rxb6
{ [%eval 739,19] [%emt 0:00:33] (Rxb6) } 64...Rc3
{ [%eval -200,17] [%emt 0:00:20] (Rc4) } 65.a4
{ [%eval 660,16] [%emt 0:00:18] (a4) } 65...Rxf3
{ [%eval -205,17] [%emt 0:00:14] (Rxf3) } 66.Rxh6
{ [%eval 815,18] [%emt 0:00:14] (Rxh6) } 66...Rf4
{ [%eval -221,16] [%emt 0: 00:20] (Kxd4) } 67.Rxh7
{ [%eval 825,18] [%emt 0:00:17] (Rxh7) } 67...Rxg4
{ [%eval -224,16] [%emt 0:00:57] (Rxg4) } 68.a5
{ [%eval 816,17] [%emt 0:00:06] (Kb6) } 68...Kxd4
{ [%eval -229,14] [%emt 0:00:25] (Rg1) } 69.Kb7
{ [%eval 886,17] [%emt 0:00: 16] (h6) } 69...Ke3
{ [%eval -474,14] [%emt 0:00:14] (Ke3) } 70.Re7+
{ [%eval 936,17] [%emt 0:00:21] (a6) } 70...Kf2
{ [%eval -499,15] [%emt 0:00:16] (Kf3) } 71.h6
{ [%eval 1240,17] [%emt 0:00:21] (a6) } 71...Rb4+
{ [%eval -465,15] [%emt 0:00:23] (Rb4) } 72.Ka7
{ [%eval 1345,17] [%emt 0:00:37] (Kc6) } 72...Rf4
{ [%eval -1336,15] [%emt 0: 00:35] (Rh4) } 73.a6
{ [%eval 1680,17] [%emt 0:00:19] (h7) } 73...Kf3
{ [%eval -1352, 16] [%emt 0:00:19] (Kf3) } 74.h7
{ [%eval 1715,18] [%emt 0:00:25] (h7) } 74...Rh4
{ [%eval -1392,15] [%emt 0:02:30] (Rf8) } 75.Kb8
{ [%eval 1747,17] [%emt 0:00:32] (Kb6) } 75...Rb4+
{ [%eval -1395,13] [%emt 0:00:42] (13) } 1-0

[Event "41st Amateur D7"]
[Site "ChessGUI4"]
[Date "2013.07.08"]
[Round "19.3"]
[White "Butcher 1.64 64-bit"]
[Black "MadChess 1.2"]
[Result "1-0"]
[BlackElo "2200"]
[ECO "E46"]
[EventDate "2013.??.??"]
[TimeControl "40/1500:40/1500:40/1500"]
[WhiteElo "2355"]

{ i5 Quad } 1.d4 Nf6 2.c4 e6 3.Nc3 Bb4 4.e3 O-O 5.Ne2 d5 6.a3 Be7 7.cxd5 exd5 8.g3 Re8 9.Bg2 b6
{ [%eval -32,10] [%emt 0:00:45] (c6) } 10.O-O
{ [%eval -18,11] [%emt 0:00:59] (O-O) } 10...Ba6
{ [%eval -25,11] [%emt 0:01:15] (Bd6) } 11.Re1
{ [%eval -15,11] [%emt 0:00:59] (Qc2) } 11...c6
{ [%eval -41,10] [%emt 0:00:18] (c6) } 12.Bd2
{ [%eval -11,11] [%emt 0: 00:58] (Bd2) } 12...Bd6
{ [%eval -45,10] [%emt 0:00:34] (Nbd7) } 13.Qc2
{ [%eval -14, 11] [%emt 0:01:04] (f3) } 13...Nbd7
{ [%eval -40,10] [%emt 0:00:31] (Nbd7) } 14.Nf4
{ [%eval -9,10] [%emt 0:01:03] (e4) } 14...Nf8
{ [%eval -34,10] [%emt 0:00:29] (Bb7) } 15.e4
{ [%eval 22,11] [%emt 0:01:02] (e4) } 15...Bxf4
{ [%eval -30,12] [%emt 0:00:40] (Bxf4) } 16.Bxf4
{ [%eval 28,11] [%emt 0:01:01] (Bxf4) } 16...Ne6
{ [%eval -26,11] [%emt 0:00:15] (Ne6) } 17.exd5
{ [%eval 20,11] [%emt 0:00:57] (Be5) } 17...Nxd5
{ [%eval -14,11] [%emt 0:00:21] (Nxd5) } 18.Nxd5
{ [%eval 27,11] [%emt 0:00:59] (Be3) } 18...cxd5
{ [%eval -27,12] [%emt 0:00:31] (cxd5) } 19.Be3
{ [%eval 27,11] [%emt 0:00:58] (Be3) } 19...Qd7
{ [%eval -2,11] [%emt 0:00:30] (Bb7) } 20.Qf5
{ [%eval 22,12] [%emt 0:00:56] (b3) } 20...Bc4
{ [%eval -2,11] [%emt 0:00:29] (Bc4) } 21.Rac1
{ [%eval 26,11] [%emt 0:00:48] (Rac1) } 21...Rad8
{ [%eval -16,10] [%emt 0:00:25] (Rad8) } 22.Bd2
{ [%eval 24,10] [%emt 0:00:47] (Qc2) } 22...a5
{ [%eval -3,9] [%emt 0: 00:49] (Qb5) } 23.Bc3
{ [%eval 28,10] [%emt 0:00:42] (Re3) } 23...g6
{ [%eval -7,10] [%emt 0:00:31] (Qd6) } 24.Qh3
{ [%eval 49,11] [%emt 0:00:43] (Qc2) } 24...f5
{ [%eval 1,10] [%emt 0:00:43] (Rc8) } 25.Qh6
{ [%eval 66,11] [%emt 0:00:46] (Qh4) } 25...Qg7
{ [%eval -17,10] [%emt 0:00:40] (Qe7) } 26.Qd2
{ [%eval 75,11] [%emt 0:00:45] (Qd2) } 26...Qd7
{ [%eval -17,9] [%emt 0:00:27] (Qf7) } 27.Re5
{ [%eval 87,11] [%emt 0: 00:40] (Re5) } 27...Re7
{ [%eval -26,10] [%emt 0:00:45] (Nc7) } 28.Qe3
{ [%eval 104,11] [%emt 0:00:44] (Qd1) } 28...Rde8
{ [%eval -19,11] [%emt 0:00:42] (Rde8) } 29.Rb1
{ [%eval 116,11] [%emt 0:00:43] (b4) } 29...Ba2
{ [%eval -30,10] [%emt 0:00:23] (Ba2) } 30.Re1
{ [%eval 132,11] [%emt 0:00:42] (Re1) } 30...Qb5
{ [%eval -26,10] [%emt 0:00: 27] (Bc4) } 31.h4
{ [%eval 167,11] [%emt 0:00:40] (Qh6) } 31...Kg7
{ [%eval -85,11] [%emt 0:01:14] (Bc4) } 32.h5
{ [%eval 178,10] [%emt 0:00:39] (h5) } 32...Qa4
{ [%eval -160,11] [%emt 0:01:38] (Bc4) } 33.Bd2
{ [%eval 331,10] [%emt 0:00:35] (hxg6) } 33...Kf7
{ [%eval -161,9] [%emt 0:00:26] (Kf7) } 34.Qh6
{ [%eval 345,9] [%emt 0:00:32] (Qh6) } 34...Nf8
{ [%eval -246,13] [%emt 0:01:04] (Nf8) } 35.Rxe7+
{ [%eval 345,7] [%emt 0:00:30] (Rxe7) } 35...Rxe7
{ [%eval -307,16] [%emt 0:01:50] (Rxe7) } 36.Rxe7+
{ [%eval 253,9] [%emt 0:00:27] (Rxe7) } 36...Kxe7
{ [%eval -300,15] [%emt 0:01:53] (Kxe7) } 37.Qg7+
{ [%eval 263,11] [%emt 0:00:26] (Qg7) } 37...Ke8
{ [%eval -300,13] [%emt 0:00:37] (Ke8) } 38.Bf1
{ [%eval 263,11] [%emt 0:00:23] (Bh6) } 38...Qd7
{ [%eval -270,12] [%emt 0:00:34] (Qd7) } 39.Qf6
{ [%eval 302,12] [%emt 0:00:21] (Qf6) } 39...Bc4
{ [%eval -274,14] [%emt 0:00:55] (Bc4) } 40.Bxc4
{ [%eval 293,11] [%emt 0:00:15] (Bh6) } 40...dxc4
{ [%eval -278,14] [%emt 0:00:41] (dxc4) } 41.Qxb6
{ [%eval 316,12] [%emt 0:00:43] (Qxb6) } 41...Ne6
{ [%eval -286,14] [%emt 0:00:47] (Ne6) } 42.hxg6
{ [%eval 331,13] [%emt 0:00:49] (hxg6) } 42...hxg6
{ [%eval -273,14] [%emt 0:00:28] (hxg6) } 43.Bxa5
{ [%eval 348,13] [%emt 0:00:44] (Bxa5) } 43...Kf7
{ [%eval -309,14] [%emt 0:00:43] (Kf7) } 44.Bc3
{ [%eval 361,13] [%emt 0:00:48] (Bc3) } 44...f4
{ [%eval -313,14] [%emt 0:01:00] (Qd5) } 45.Qb8
{ [%eval 357,13] [%emt 0:00:42] (Qb8) } 45...fxg3
{ [%eval -314,14] [%emt 0:00:52] (fxg3) } 46.Qxg3
{ [%eval 349,13] [%emt 0:00:53] (Qxg3) } 46...g5
{ [%eval -313,14] [%emt 0:01:04] (Qd5) } 47.Qh3
{ [%eval 345,13] [%emt 0:00:52] (Qh2) } 47...Kg6
{ [%eval -294,13] [%emt 0:00:25] (Qd5) } 48.a4
{ [%eval 351,14] [%emt 0:00:52] (a4) } 48...Qd5
{ [%eval -310,14] [%emt 0:00:57] (Qd5) } 49.Qg2
{ [%eval 331,13] [%emt 0:00:48] (Qg4) } 49...Qf5
{ [%eval -315,14] [%emt 0:00:37] (Qf5) } 50.Qc6
{ [%eval 261,15] [%emt 0:02:31] (Qc6) } 50...Qg4+
{ [%eval -222,17] [%emt 0:02:01] (Qg4) } 51.Kf1
{ [%eval 207,15] [%emt 0:00:45] (Kf1) } 51...Qd1+
{ [%eval -256,16] [%emt 0:00:23] (Qd1) } 52.Be1
{ [%eval 23,17] [%emt 0:02:13] (Be1) } 52...Qd3+
{ [%eval -217,16] [%emt 0:00:31] (Qd3) } 53.Kg1
{ [%eval 322,13] [%emt 0:00:39] (Kg1) } 53...Qe2
{ [%eval -135,15] [%emt 0:00:22] (Qe2) } 54.Bc3
{ [%eval 184,15] [%emt 0:00:58] (Qe8) } 54...Qg4+
{ [%eval 0,19] [%emt 0:00:41] (Qd1) } 55.Kf1 Qxd4
{ [%eval 0,100] [%emt 0:00: 00] (Qd1) } 56.Qxe6+ Kh5
{ [%eval 31760,12] [%emt 0:00:21] (Kh5) } 57.Bxd4
{ [%eval 15990,12] [%emt 0:00:30] (Bxd4) } 57...c3
{ [%eval 31762,13] [%emt 0:00:38] (c3) } 58.f3
{ [%eval 15992,12] [%emt 0:00:30] (Qf7) } 58...c2
{ [%eval 31764,15] [%emt 0:00:48] (g4) } 59.Be3
{ [%eval 15994,11] [%emt 0:00:28] (Be3) } 59...c1=Q+
{ [%eval 31766,15] [%emt 0:00:41] (c1=Q) } 60.Bxc1
{ [%eval 15996,14] [%emt 0:00:29] (Bxc1) } 1-0